 Dungeon Crawl Stone Soup version 0.26-a0-540-g8a0c9464d7 (webtiles) character file.

Game seed: 13688043402244784858

947 vurker the Cleaver (level 7, -12/66 HPs)
             Began as a Minotaur Monk on Aug 20, 2020.
             Was an Initiate of Gozag.
             Mangled by a two-headed ogre
             ... wielding a +0 giant club
              (15 damage)
             ... on level 4 of the Dungeon.
             The game lasted 00:05:25 (3557 turns).

vurker the Cleaver (Minotaur Monk)                  Turns: 3557, Time: 00:05:25

Health: -12/66     AC: 10    Str: 17    XL:     7   Next: 89%
Magic:  6/6        EV:  5    Int:  7    God:    Gozag
Gold:   619        SH:  0    Dex: 13    Spells: 6/6 levels left

rFire    . . .     SeeInvis .   s - +0 hand axe (elec)
rCold    . . .     Faith    .   (no shield)
rNeg     . . .     Spirit   .   f - +0 plate armour
rPois    .         Reflect  .   (helmet restricted)
rElec    .         Harm     .   (no cloak)
rCorr    .                      (no gloves)
MR       .....                  (no boots)
Stlth    ..........             (no amulet)
HPRegen  0.21/turn              b - +4 ring of slaying
MPRegen  0.10/turn              (no ring)

@: gold aura
A: retaliatory headbutt, horns 2
a: Potion Petition, Call Merchant, Bribe Branch, Renounce Religion


You were on level 4 of the Dungeon.
You worshipped Gozag.
Gozag was pleased with you.
You visited 1 branch of the dungeon, and saw 4 of its levels.

You collected 619 gold pieces.

Inventory:

Hand Weapons
 a - a +1 whip of electrocution
   (You took it off Pikel on level 3 of the Dungeon)
 s - a +0 hand axe of electrocution (weapon)
   (You found it on level 3 of the Dungeon)
Armour
 f - a +0 plate armour (worn)
   (You found it on level 4 of the Dungeon)
Jewellery
 b - a +4 ring of slaying (left hand)
   (You found it on level 1 of the Dungeon)
Wands
 x - a wand of acid (3)
   (You found it on level 2 of the Dungeon)
Scrolls
 d - a scroll of enchant armour
 e - 3 scrolls of teleportation
 i - a scroll of remove curse
 m - a scroll of immolation {unknown}
Potions
 c - a potion of mutation {unknown}
 g - 2 potions of resistance {unknown}
 h - a potion of haste {unknown}
 j - 2 potions of berserk rage
 k - a potion of degeneration {unknown}
 o - 3 potions of flight
 q - a potion of cancellation
 r - a potion of curing


   Skills:
 + Level 7.2 Fighting
 * Level 9.6 Axes
 - Level 3.2 Dodging
 - Level 1.5 Stealth


You had 6 spell levels left.
You didn't know any spells.
Your spell library contained the following spells:

 Spells                   Type           Power        Failure   Level
 Freeze                   Ice            #...         100%        1
 Frozen Ramparts          Ice            #.....       100%        3
 Ozocubu's Armour         Ice            #.......     100%        3
 Hailstorm                Conj/Ice       #.......     100%        4
 Summon Ice Beast         Ice/Summ       #.......     100%        4


Dungeon Overview and Level Annotations

Branches:
Dungeon (4/15)
 Temple: D:4-7

Altars:
Gozag
Makhleb
Trog


Innate Abilities, Weirdness & Mutations

You reflexively headbutt those who attack you in melee.
You have a pair of horns on your head.


Message History

There is a stone staircase leading down here.
Found a garnet ring.
l - a garnet ring You open the door.
There is an open door here.
Found a scroll labeled EPTIS KUSUACK.
m - a scroll labeled EPTIS KUSUACK
l - a ring of wizardry (right hand) Drop what? 18/52 slots (_ for help) (? for menu, Esc to quit)
You remove your ring of wizardry.
You drop an uncursed ring of wizardry.
A leopard gecko comes into view.
The leopard gecko hisses angrily.
Found a spear and 12 gold pieces.
Found a stone staircase leading down.
A leopard gecko is nearby!
The two-headed ogre shouts in stereo!
The leopard gecko hisses menacingly.
There is an open door here.
The two-headed ogre hits you with a +0 giant club!!
The two-headed ogre hits you with a +0 giant club!
* * * LOW HITPOINT WARNING * * *
There is an open door here.
The leopard gecko bites you but does no damage.
Okay, then.
Okay, then.
Okay, then.
Aim: a two-headed ogre, wielding two +0 giant clubs The bolt of acid hits the leopard gecko!
The leopard gecko is splashed with acid!
The acid corrodes the leopard gecko!
You kill the leopard gecko!
The bolt of acid misses the two-headed ogre.
Aim: a two-headed ogre, wielding two +0 giant clubs The bolt of acid hits the two-headed ogre!
The two-headed ogre is splashed with acid.
The acid corrodes the two-headed ogre!
The two-headed ogre hits you with a +0 giant club!!
* * * LOW HITPOINT WARNING * * *
The two-headed ogre hits you with a +0 giant club.
* * * LOW HITPOINT WARNING * * *
You slash the two-headed ogre! You headbutt the two-headed ogre!
You hit the two-headed ogre.
The two-headed ogre completely misses you.
You furiously retaliate!
You headbutt the two-headed ogre!
The two-headed ogre hits you with a +0 giant club!
* * * LOW HITPOINT WARNING * * *
You barely miss the two-headed ogre.
The two-headed ogre hits you with a +0 giant club!
You die...
Your body crumbles into a pile of gold.

##################
#.=...............
#.################ ####@#
#..O.# ###'#####
*****#.......#*****#########
*,...........'...,,.........
*............####**#########
*....>.........,,,,,........
*####..........#****#.......
#.$).....#.# ***#.......


You could see a two-headed ogre (corroded).

Vanquished Creatures
  Pikel (D:3)
  Sigmund (D:3)
  2 lemures (D:4)
  A howler monkey (D:4)
  A crimson imp (D:3)
  A centaur skeleton (D:4)
  Terence (D:3)
  A worker ant (D:4)
  A hound skeleton (D:4)
  4 adders
  An ufetubus (D:4)
  An ooze (D:3)
  4 worms
  5 dart slugs
  5 leopard geckos
  8 orcs
  5 bats
  12 giant cockroaches
  12 goblins
  6 hobgoblins
  11 jackals
  A quokka (D:3)
  2 ball pythons
  2 frilled lizards
  13 kobolds
  18 rats
  A plant (D:1)
121 creatures vanquished.

Vanquished Creatures (others)
  6 toadstools (D:2)
6 creatures vanquished.

Grand Total: 127 creatures vanquished

Notes
Turn   | Place    | Note
-------+----------+-------------------------------------------
     0 | D:1      | vurker the Minotaur Monk began the quest for the Orb.
     0 | D:1      | Reached XP level 1. HP: 19/19 MP: 0/0
    50 | D:1      | Reached skill level 4 in Axes
   155 | D:1      | Reached XP level 2. HP: 27/27 MP: 1/1
   564 | D:1      | Reached XP level 3. HP: 33/33 MP: 2/2
   898 | D:2      | Reached skill level 5 in Axes
   908 | D:2      | Reached XP level 4. HP: 30/41 MP: 3/3
  1777 | D:3      | Noticed Sigmund
  2005 | D:3      | Found a faded altar of an unknown god.
  2014 | D:3      | Became a worshipper of Gozag Ym Sagoz the Greedy
  2363 | D:3      | Noticed Terence
  2372 | D:3      | Killed Terence
  2372 | D:3      | Reached skill level 5 in Fighting
  2372 | D:3      | Reached skill level 6 in Axes
  2372 | D:3      | Reached XP level 5. HP: 47/48 MP: 4/4
  2401 | D:3      | Found a burning altar of Makhleb.
  2528 | D:3      | Killed Sigmund
  2528 | D:3      | Reached skill level 7 in Axes
  2528 | D:3      | Reached XP level 6. HP: 51/57 MP: 5/5
  2623 | D:3      | Noticed a moth of wrath
  2625 | D:3      | Found a bloodstained altar of Trog.
  2813 | D:4      | Noticed a two-headed ogre
  2815 | D:4      | Noticed Pikel
  2860 | D:3      | Killed Pikel
  2860 | D:3      | Reached skill level 9 in Axes
  2860 | D:3      | Reached XP level 7. HP: 47/66 MP: 6/6
  3556 | D:4      | HP: 3/66 [two-headed ogre/+0 giant club (12)]
  3557 | D:4      | Mangled by a two-headed ogre

Illustrated notes

Levels and vault maps discovered:
D:1:      dpeg_chamrin_arrival_tetris, layout_basic, minivault_19,
          lexackson_kobold_supper
D:2:      layout_loops_ring, serial_forest, infiniplex_forest_lined_ring,
          infiniplex_forest_clump_tiny, infiniplex_forest_straight_1,
          infiniplex_forest_clump_double, infiniplex_forest_straight_2,
          infiniplex_forest_join, infiniplex_forest_straight_2,
          infiniplex_forest_lined_room_2, infiniplex_forest_end_double,
          minmay_gold_behind_fungi, minmay_misc_feat_ornament
D:3:      corexii_shack_village, layout_basic, tgw_trog, makhleb_grotto_becter,
          chequers_ecumenical_altar_simple_redux, uniq_terence, uniq_sigmund
D:4:      layout_basic, uniq_pikel

Skill      XL: |  1  2  3  4  5  6 |
---------------+-------------------+-----
Axes           | 4 5 6 7 9 |  9.6
Fighting       | 4 5 7 |  7.2
Dodging        | |  3.2
Stealth        | |  1.5

Action                   |  1- 3 |  4- 6 |  7- 9 || total
-------------------------+-------+-------+-------++-------
Melee: Hand axe          |    73 |   133 |    25 ||   231
       Headbutt          |     7 |    22 |     5 ||    34
Evoke: Wand              |       |       |     2 ||     2
  Use: Scroll            |       |       |    11 ||    11
 Stab: Sleeping          |     1 |       |       ||     1
Armor: Robe              |     5 |       |       ||     5
       Chain mail        |    21 |    45 |     5 ||    71
       Plate armour      |       |       |     8 ||     8
Dodge: Dodged            |    28 |    42 |     9 ||    79

Table legend: (Time is in decaauts)
 A = Elapsed time spent in this place.
 B = Non-inter-level travel time spent in this place.
 C = Inter-level travel time spent in this place.
 D = Time resting spent in this place.
 E = Time spent auto-exploring this place.
 F = Levels seen in this place.
 G = Mean time per level.
                   A        B        C        D        E       F      G
               +--------+--------+--------+--------+--------+-----+--------+
         Total |   3558 |   3369 |    189 |    178 |   2490 |   4 |  889.5 |
       Dungeon |   3558 |   3369 |    189 |    178 |   2490 |   4 |  889.5 |
               +--------+--------+--------+--------+--------+-----+--------+

Top non-repeatable levels by time:
     D:3: 1279 daAuts
     D:2: 1103 daAuts
     D:1: 747 daAuts
     D:4: 427 daAuts
